 Dungeon Crawl Stone Soup version 0.32-a0-861-g165e151e72 (webtiles) character file.

Game seed: 10622180913074801714

6152 Ananasrisotto the Missionary (level 10, 0/74 HPs)
             Began as a Demonspawn Shapeshifter on Mar 28, 2024.
             Was a Priest of Beogh.
             Succumbed to Korbok's poison
             ... on level 9 of the Dungeon.
             The game lasted 00:27:52 (8257 turns).

Ananasrisotto the Missionary (DsSh)                 Turns: 8257, Time: 00:27:53

Health: 0/74       AC: 10    Str: 24    XL:     10   Next: 59%
Magic:  17/17      EV: 10    Int: 12    God:    Beogh [***...]
Gold:   481        SH:  0    Dex: 12    Spells: 9/9 levels left

rFire   . .          .
                       - Unarmed
rCold   . . .        (no shield)
rNeg    . . .        p - +0 acid dragon scales
rPois   .            (helmet currently unavailable)
rElec   +            I - melded +0 cloak
rCorr   +            (gloves currently unavailable)
SInv    .            a - melded +0 pair of boots
Will    +....        x - amulet of regeneration
Stlth   +            e - +6 ring of strength
HPRegen 1.12/turn    J - ring of willpower
MPRegen 0.15/turn

%: no passive effects
@: lethally poisoned (0 -> -18), beast-form
A: beast (slay +4), antennae 2, thin metallic scales 3, ignite blood 1
a: Begin Untransformation, Renounce Religion, Smiting


You were on level 9 of the Dungeon.
You worshipped Beogh.
Beogh was most pleased with you.
You were a hulking beast.
You visited 2 branches of the dungeon, and saw 10 of its levels.

You collected 481 gold pieces.

Inventory:

Hand Weapons
 y - a +0 sling
 Q - a +2 dagger of speed
Missiles
 A - 8 poisoned darts
 R - 6 javelins
Armour
 a - a +0 pair of boots (melded)
 p - +0 acid dragon scales (worn)
 I - a +0 cloak (melded)
Magical Staves
 n - a staff of earth
Jewellery
 e - a +6 ring of strength (left hand)
 f - an amulet of faith
 v - a ring of wizardry
 x - an amulet of regeneration (around neck)
 J - a ring of willpower (right hand)
Talismans
 c - a beast talisman (active)
 E - a storm talisman
 F - a blade talisman
Wands
 r - a wand of acid (11)
 s - a wand of flame (34)
 C - a wand of paralysis (21) (quivered)
 G - a wand of mindburst (17)
Scrolls
 g - 4 scrolls of enchant weapon
 h - 4 scrolls of immolation
 i - 2 scrolls of noise
 j - 5 scrolls of revelation
 q - 2 scrolls of fog
 t - 3 scrolls of teleportation
 u - a scroll of poison {unknown}
 w - a scroll of fear {unknown}
 H - a scroll of torment {unknown}
 K - a scroll of brand weapon {unknown}
 L - a scroll of enchant armour {unknown}
 N - 2 scrolls of amnesia
 O - 3 scrolls of silence
Potions
 b - a potion of lignification
 d - a potion of might {unknown}
 k - 3 potions of heal wounds
 l - 2 potions of attraction {unknown}
 m - 2 potions of brilliance
 o - a potion of curing
 z - 2 potions of berserk rage {unknown}
 B - 2 potions of ambrosia
 D - a potion of resistance {unknown}
 M - a potion of degeneration {unknown}
 P - a potion of mutation {unknown}


   Skills:
 + Level 5.3 Fighting
 - Level 2.0 Armour
 - Level 2.0 Dodging
 - Level 8.0 Unarmed Combat
 + Level 10.4 Invocations
 + Level 8.6 Shapeshifting


You had 9 spell levels left.
You didn't know any spells.
Your spell library contained the following spells:

 Spells                   Type           Power      Damage    Failure   Level
 Sandblast                Erth           0%         2d4       38%         1
 Ensorcelled Hibernation  Hex/Ice        0%         N/A       52%         2
 Dazzling Flash           Conj/Hex       0%         N/A       77%         3
 Fugue of the Fallen      Necr           0%         N/A       77%         3
 Mephitic Cloud           Conj/Alch/Air  0%         N/A       77%         3
 Stone Arrow              Conj/Erth      0%         3d7       77%         3
 Anguish                  Hex/Necr       0%         N/A       99%         4
 Brom's Barrelling Bould  Conj/Erth      0%         2d3       99%         4
 Curse of Agony           Necr           0%         N/A       100%        5
 Silence                  Hex/Air        0%         N/A       100%        5
 Summon Forest            Summ/Tloc      0%         N/A       100%        5
 Summon Mana Viper        Hex/Summ       0%         N/A       100%        5
 Summon Cactus Giant      Summ           0%         N/A       100%        6


Dungeon Overview and Level Annotations

Branches:
Dungeon (9/15)             Temple (1/1) D:7
   Lair: D:8-11         Orc: D:9-12

Altars:
Ashenzari
Cheibriados
Dithmenos
Fedhas
Gozag
Hepliaklqana
Kikubaaqudgha
Makhleb
Nemelex Xobeh
Okawaru
Qazlal
Ru
Sif Muna
Trog
Uskayaw
Vehumet
Wu Jian
Xom
Yredelemnul

Shops:
D:4 (


Innate Abilities, Weirdness & Mutations

You are a hulking beast.
Your limbs bulge with bestial killing power. (Slay +4)
Your facial features look somewhat orcish.
You have a pair of antennae on your head.
You are completely covered in thin metallic scales. (AC +4, rElec)
Your demonic aura sometimes causes spilled blood to erupt in flames.


Message History

Korbok resists with some effort.
Korbok is engulfed in blazing flames.
Korbok hits you with the +5 battleaxe of the Last Loafs!
Aiming: Paralyse
Press: ? - help, Q - select action, (/) - cycle Shift-Dir - straight line, f/p - Korbok
Aim: Korbok the orc apostle, wielding the +5 battleaxe of the Last Loafs {venom, rF+ Dex+4} and wearing a +2 scale mail (flame, heavily wounded, empowered by the touch of Beogh, chance to affect: 43%) Korbok resists with some effort.
Korbok is engulfed in blazing flames.
Korbok hits you with the +5 battleaxe of the Last Loafs!
You are poisoned.
Aiming: Paralyse
Press: ? - help, Q - select action, (/) - cycle Shift-Dir - straight line, f/p - Korbok
Aim: Korbok the orc apostle, wielding the +5 battleaxe of the Last Loafs {venom, rF+ Dex+4} and wearing a +2 scale mail (flame, heavily wounded, empowered by the touch of Beogh, chance to affect: 43%) Korbok resists with some effort.
You feel very sick.
Korbok is engulfed in blazing flames.
Korbok hits you with the +5 battleaxe of the Last Loafs!
* * * LOW HITPOINT WARNING * * *
Aiming: Paralyse
Press: ? - help, Q - select action, (/) - cycle Shift-Dir - straight line, f/p - Korbok
Aim: Korbok the orc apostle, wielding the +5 battleaxe of the Last Loafs {venom, rF+ Dex+4} and wearing a +2 scale mail (heavily wounded, empowered by the touch of Beogh, chance to affect: 43%) Korbok resists with some effort.
You feel very sick.
Korbok hits you with the +5 battleaxe of the Last Loafs.
* * * LOW HITPOINT WARNING * * *
You are lethally poisoned!
Aiming: Paralyse
Press: ? - help, Q - select action, (/) - cycle Shift-Dir - straight line, f/p - Korbok
Aim: Korbok the orc apostle, wielding the +5 battleaxe of the Last Loafs {venom, rF+ Dex+4} and wearing a +2 scale mail (heavily wounded, empowered by the touch of Beogh, chance to affect: 43%) Korbok resists with some effort.
* * * LOW HITPOINT WARNING * * *
You feel very sick.
Korbok hits you with the +5 battleaxe of the Last Loafs.
* * * LOW HITPOINT WARNING * * *
You are more poisoned.
Aiming: Paralyse
Press: ? - help, Q - select action, (/) - cycle Shift-Dir - straight line, f/p - Korbok
Aim: Korbok the orc apostle, wielding the +5 battleaxe of the Last Loafs {venom, rF+ Dex+4} and wearing a +2 scale mail (heavily wounded, empowered by the touch of Beogh, chance to affect: 43%) Korbok suddenly stops moving!
You die...

. #.....# #.
#.....#
#.#+##+#.....#
#............#
#............#
##............#
..............#
......oh......#
..............#
...########+#)#
. . #)# #....
#.# ..... ..
#.# ..... .....
#.# ... ......
#.#
######......
#.#


You could see Korbok the orc apostle (paralysed, divinely empowered).

Vanquished Creatures
  A deep elf pyromancer (D:9)
  Maggie (D:6)
  A kobold demonologist (D:9)
  Psyche (D:8)
  A polar bear (D:9)
  Grinder (D:6)
  An unseen horror simulacrum (D:9)
  2 steam dragons (D:8)
  2 acid dragons
  4 orc warriors
  2 ice beasts
  3 centaurs
  2 ogres (D:4)
  5 bullfrogs
  2 scorpions
  4 gnoll sergeants
  7 wights
  7 killer bees
  9 howler monkeys
  An electric eel (D:8)
  3 lava snakes (D:9)
  2 jellies
  6 bombardier beetles
  3 orc priests
  2 hounds
  A gnoll bouda (D:5)
  2 sleepcaps
  8 iguanas
  4 orc wizards
  24 gnolls
  6 adders
  2 shadow imps
  5 white imps
  2 ribbon worms (D:2)
  4 dart slugs
  17 orcs
  10 endoplasms
  A giant cockroach (D:2)
  9 goblins
  11 hobgoblins
  7 jackals
  7 quokkas
  4 ball pythons
  6 bats
  7 frilled lizards
  6 kobolds
  7 rats
223 creatures vanquished.

Vanquished Creatures (others)
  3 orcs
3 creatures vanquished.

Grand Total: 226 creatures vanquished

Notes
Turn   | Place    | Note
-------+----------+-------------------------------------------
     0 | D:1      | Ananasrisotto the Demonspawn Shapeshifter began the quest
                  | for the Orb.
     0 | D:1      | Reached XP level 1. HP: 15/15 MP: 1/1
   250 | D:1      | Gained mutation: You have a pair of small antennae on your
                  | head. [demonic ancestry]
   250 | D:1      | Reached XP level 2. HP: 21/21 MP: 2/2
   982 | D:2      | Gained mutation: You are partially covered in thin metallic
                  | scales. (AC +2) [demonic ancestry]
   982 | D:2      | Reached XP level 3. HP: 26/26 MP: 3/3
  1649 | D:2      | Reached XP level 4. HP: 28/32 MP: 4/4
  2152 | D:3      | Found a faded altar of an unknown god.
  2251 | D:3      | Gained mutation: You have a pair of antennae on your head.
                  | [demonic ancestry]
  2251 | D:3      | Reached XP level 5. HP: 16/37 MP: 5/5
  2920 | D:4      | Found Poheap's Weapon Shop.
  3027 | D:4      | Gained mutation: Your demonic aura sometimes causes spilled
                  | blood to erupt in flames. [demonic ancestry]
  3027 | D:4      | Reached XP level 6. HP: 27/43 MP: 6/6
  3066 | D:4      | Became a worshipper of Beogh the Shepherd
  3166 | D:4      | Reached skill level 1 in Armour
  3198 | D:4      | Reached skill level 5 in Unarmed Combat
  3413 | D:4      | Found a basalt altar of Yredelemnul.
  3447 | D:4      | Reached XP level 7. HP: 45/48 MP: 7/7
  3518 | D:5      | Entered Level 5 of the Dungeon
  3656 | D:5      | Reached skill level 5 in Shapeshifting
  3822 | D:5      | Found a hide-covered altar of Uskayaw.
  3828 | D:5      | Found a stormy altar of Qazlal.
  3838 | D:5      | Reached skill level 1 in Invocations
  3860 | D:5      | Found a bloodstained altar of Trog.
  3860 | D:5      | Found a sparkling altar of Nemelex Xobeh.
  3872 | D:5      | Found a shadowy altar of Dithmenos.
  3881 | D:5      | Reached skill level 2 in Invocations
  4102 | D:5      | Reached * piety under Beogh
  4164 | D:5      | Gained mutation: You are mostly covered in thin metallic
                  | scales. (AC +3) [demonic ancestry]
  4164 | D:5      | Reached XP level 8. HP: 54/54 MP: 10/10
  4568 | D:6      | Reached skill level 3 in Invocations
  4702 | D:6      | Reached skill level 4 in Invocations
  4724 | D:6      | Noticed Grinder
  4734 | D:6      | Killed Grinder
  4735 | D:6      | Reached skill level 5 in Invocations
  4965 | D:6      | Noticed Maggie
  4980 | D:6      | Killed Maggie
  4981 | D:6      | Reached skill level 6 in Invocations
  4981 | D:6      | Reached XP level 9. HP: 59/59 MP: 11/13
  5439 | D:7      | Reached ** piety under Beogh
  5440 | D:7      | Reached skill level 7 in Invocations
  5747 | D:7      | Paralysed by a gnoll sergeant for 3 turns
  5840 | D:7      | Found a staircase to the Ecumenical Temple.
  5847 | Temple   | Entered the Ecumenical Temple
  5950 | D:7      | Reached skill level 8 in Invocations
  6319 | D:8      | Found a snail-covered altar of Cheibriados.
  6752 | D:8      | Found a snail-covered altar of Cheibriados.
  6904 | D:8      | Noticed Psyche
  6907 | D:8      | Killed Psyche
  6908 | D:8      | Gained mutation: You are completely covered in thin
                  | metallic scales. (AC +4, rElec) [demonic ancestry]
  6908 | D:8      | Reached XP level 10. HP: 70/70 MP: 9/16
  6993 | D:8      | Reached skill level 9 in Invocations
  7487 | D:9      | Found an opulent altar of Gozag.
  7933 | D:9      | Noticed a deep elf pyromancer
  7942 | D:9      | Killed a deep elf pyromancer
  7943 | D:9      | Reached skill level 5 in Fighting
  7943 | D:9      | Reached skill level 10 in Invocations
  8222 | D:9      | Reached *** piety under Beogh
  8239 | D:9      | Identified the +5 battleaxe of the Last Loafs {venom, rF+
                  | Dex+4}
  8257 | D:9      | Succumbed to Korbok's poison

Illustrated notes

Levels and vault maps discovered:
D:1:      minmay_arrival_three_doors, layout_loops_cross, minmay_pentomino_s4
D:2:      layout_basic, minmay_misc_feat_tower, roderic_serpentine_path,
          nicolae_kite_square_tiling_tiny
D:3:      minmay_razor_zed, layout_rooms,
          hellmonk_ecumenical_altar_pennies_from_heaven, grunt_ministairs_11,
          minivault_25, hex_medium, chequers_serial_rivers_room_b
D:4:      layout_rooms, lemuel_crystal_altar, nicolae_stop_n_shop_2
D:5:      layout_loops_ring, nicolae_overflow_hallway_of_the_gods
D:6:      layout_basic, uniq_maggie, uniq_grinder
D:7:      layout_rooms, minmay_temple_entry_stoned_glass
D:8:      layout_loops_corners, slow_altar_2, kennysheep_diamond, uniq_psyche
D:9:      layout_irregular_city, grunt_gozag_breadcrumbs, serial_ice,
          serial_ice_h, serial_ice_o, serial_ice_m, serial_ice_e,
          kennysheep_dice
Temple:   minmay_temple_curvy_branch

Skill      XL: |  1  2  3  4  5  6  7  8  9 10 |
---------------+-------------------------------+-----
Dodging        | 2 |  2.0
Unarmed Combat | 3 4 5 6 7 8 |  8.0
Shapeshifting  | 3 4 5 6 7 8 |  8.6
Armour         | 1 2 |  2.0
Invocations    | 2 6 8 10 | 10.4
Fighting       | 3 5 |  5.3

Action                     |  1- 3 |  4- 6 |  7- 9 | 10-12 || total
---------------------------+-------+-------+-------+-------++-------
  Melee: Unarmed           |   138 |   187 |   329 |   140 ||   794
         Punch             |     2 |     3 |    26 |     7 ||    38
  Throw: Dart              |       |       |     8 |     8 ||    16
 Invoke: Convert to Beogh  |       |     1 |       |       ||     1
         Smiting           |       |       |     2 |     2 ||     4
  Evoke: Wand              |       |       |     2 |     8 ||    10
    Use: Potion            |       |     1 |       |       ||     1
         Scroll            |       |       |       |    11 ||    11
   Stab: Paralysed         |       |       |    11 |     6 ||    17
         Distracted        |       |       |       |     1 ||     1
 Armour: Leather armour    |    40 |       |       |       ||    40
         Animal skin       |     1 |       |       |       ||     1
         Ring mail         |    29 |   105 |    68 |       ||   202
         Acid dragon scale |       |       |   165 |   124 ||   289
         Scale mail        |       |       |     6 |       ||     6
  Dodge: Dodged            |    62 |    77 |   171 |    78 ||   388
         Form:             |       |       |     1 |     1 ||     2
         Beast             |       |       |     1 |     1 ||     2

Table legend: (Time is in decaauts)
 A = Elapsed time spent in this place.
 B = Non-inter-level travel time spent in this place.
 C = Inter-level travel time spent in this place.
 D = Time resting spent in this place.
 E = Time spent auto-exploring this place.
 F = Levels seen in this place.
 G = Mean time per level.
                   A        B        C        D        E       F      G
               +--------+--------+--------+--------+--------+-----+--------+
         Total |   8183 |   7563 |    620 |    635 |   5030 |  10 |  818.3 |
       Dungeon |   8166 |   7551 |    615 |    635 |   5030 |   9 |  907.3 |
        Temple |     16 |     11 |      5 |      0 |      0 |   1 |   16.0 |
               +--------+--------+--------+--------+--------+-----+--------+

Top non-repeatable levels by time:
     D:8: 1270 daAuts
     D:2: 979 daAuts
     D:1: 974 daAuts
     D:5: 954 daAuts
     D:3: 935 daAuts
     D:9: 906 daAuts
     D:6: 880 daAuts
     D:4: 640 daAuts
     D:7: 625 daAuts
  Temple: 16 daAuts
